Cogmind - Beta 9.4 @@@ ROGUE MODE // 2020.02.17 @ 02:08:18 Player: Cogmind Result: Destroyed by G-47 Trooper with Particle Gun Performance ------------- Evolutions (0) 0 Regions Visited (1) 200 Robots Destroyed (28) 140 Value Destroyed (402) 402 Prototype IDs (0) 0 Alien Tech Used (0) 0 Bonus (0) 0 TOTAL SCORE: 742 Bonus ------- None Cogmind --------- Core Integrity 0/250 Matter 227/300 Energy 100/100 System Corruption 2% Temperature Cool (9) Movement Walking (120) Location -10/Materials Parts ------- > --- POWER (1) -------- (None) > --- PROPULSION (2) --- Aluminum Leg > --- UTILITY (2) ------ Targeting Computer Targeting Computer > --- WEAPON (2) ------- (None) > --- INVENTORY (4) ---- Light Ion Engine Targeting Computer Targeting Computer Peak State ------------ > --- POWER ------------ Ion Engine > --- PROPULSION ------- Wheel Compact Wheel > --- UTILITY ---------- Small Storage Unit Improved Terrain Scanner > --- WEAPON ----------- Assault Rifle Assault Rifle > --- INVENTORY -------- Compact Wheel [Rating: 8] Favorites ----------- Power Light Ion Engine Engine Light Ion Engine Propulsion Compact Wheel Leg Aluminum Leg Wheel Compact Wheel Hover Unit Hover Unit Utility Improved Terrain Scanner Device Improved Terrain Scanner Storage Small Storage Unit Processor Targeting Computer Weapon Assault Rifle Ballistic Gun Assault Rifle Build | -11 -10 ------- Run | Scr Mat Slots Evolved . | . . Power . | . . Propulsion . | . . Utility . | . . Weapon . | . . Parts Attached 23 | 8 15 Power 4 | 2 2 Engine 4 | 2 2 Core . | . . Reactor . | . . Propulsion 8 | 2 6 Treads . | . . Leg 1 | . 1 Wheel 5 | 2 3 Hover 2 | . 2 Flight . | . . Utility 8 | 2 6 Device 3 | 1 2 Storage 2 | 1 1 Processor 3 | . 3 Hackware . | . . Protection . | . . Artifact . | . . Weapon 3 | 2 1 Energy Gun . | . . Energy Cannon . | . . Ballistic Gun 3 | 2 1 Ballistic Cannon . | . . Launcher . | . . Special Weapon . | . . Impact Weapon . | . . Slashing Weapon . | . . Piercing Weapon . | . . Special Melee Weapon . | . . Unidentified Prototypes . | . . Parts Lost 7 | . 7 Power 2 | . 2 Propulsion 2 | . 2 Utility 1 | . 1 Weapon 2 | . 2 Highest Loss Streak 4 | . 4 Average Slot Usage (%) 87 | . 87 Engine 11 | . 11 Wheel 17 | . 17 Hover 9 | . 9 Device 14 | . 14 Storage 4 | . 4 Processor 5 | . 5 Ballistic Gun 23 | . 23 Naked Turns . | . . Heaviest Build 40 | 14 40 Greatest Support 32 | 26 32 Greatest Overweight (x) 1 | . 1 Average Overweight (x) . | . . Largest Inventory Capacity 12 | 6 12 Average Capacity 5 | 5 5 Most Carried 4 | 3 4 Average Carried 2 | . 2 Final Capacity 6 | 6 4 Final Carried 3 | 2 3 Class Distribution -------------------- 86% | Mutant 13% | Scavenger-Mutant Dominant Class ---------------- Mutant | -10/Materials Resources | -11 -10 ----------- Run | Scr Mat Matter Collected 792 | 376 416 Remotely . | . . Salvage Created 853 | 194 659 Parts 60 | 16 44 Haulers Intercepted 1 | . 1 Recyclers Shooed 2 | . 2 Parts Field Recycled . | . . Retrieved Matter . | . . Parts Self-Destructed . | . . Prevented . | . . Kills | -11 -10 ------- Run | Scr Mat Combat Hostiles Destroyed 10 | . 10 Guns 10 | . 10 Classes Destroyed 9 | 3 6 Worker 5 | 2 3 Builder 1 | . 1 Tunneler 6 | 4 2 Hauler 1 | . 1 Recycler 2 | 1 1 Operator 1 | . 1 Watcher 2 | . 2 Swarmer 3 | . 3 Grunt 7 | . 7 Best Kill Streak 5 | 5 4 Combat Bots Only 3 | . 3 Max Kills in Single Turn 2 | 1 2 Gunslinging . | . . Exploded . | . . Melee . | . . Uniques/NPCs Destroyed . | . . Combat | -11 -10 -------- Run | Scr Mat Damage Taken 769 | . 769 Core 251 | . 251 Absorbed by Shields . | . . Core Remaining (%) 100 | 100 . Volleys Fired 93 | 16 77 Largest 2 | 2 2 Hottest 40 | 40 40 Shots Fired 156 | 32 124 Gun 156 | 32 124 Cannon . | . . Launcher . | . . Special . | . . Kinetic 156 | 32 124 Thermal . | . . Explosive . | . . Electromagnetic . | . . Robot Hit Streak 9 | 6 9 Robot Miss Streak 6 | 4 6 Penetration Max . | . . Secondary Targets 3 | . 3 Max Gunslinging Chain 1 | . 1 Shots Hit Robots 92 | 17 75 Core Hits 36 | 8 28 Critical Hits . | . . Critical Kills . | . . Critical Parts Destroyed . | . . Melee Attacks . | . . Impact . | . . Slashing . | . . Piercing . | . . Sneak Attacks . | . . Combat Hostiles . | . . Follow-up Attacks . | . . Damage Inflicted 1170 | 228 942 Guns 1170 | 228 942 Cannons . | . . Explosions . | . . Melee . | . . Ramming . | . . Kinetic 1170 | 228 942 Thermal . | . . Explosive . | . . Electromagnetic . | . . Impact . | . . Slashing . | . . Piercing . | . . Highest Corruption 2 | . 2 Average Corruption 2 | . 2 Corruption Purged . | . . Effects 11 | . 11 Message Errors 2 | . 2 Heat Flow Errors 1 | . 1 Energy Discharges 2 | . 2 Targeting Errors 5 | . 5 Weapon Failures 1 | . 1 Overload Shots . | . . Overflow Damage . | . . Projectiles . | . . Explosions . | . . Melee . | . . Knockbacks . | . . Impact . | . . Kinetic . | . . Secondary . | . . Self-Inflicted Damage . | . . Shots . | . . Rammed . | . . Targets Rammed . | . . Kicked . | . . Crushed . | . . Highest Temperature 133 | . 133 Average Temperature 54 | . 54 Received Heat Transfer 411 | . 411 Siege Activations . | . . Robots Corrupted . | . . Combat Hostiles . | . . Parts Fried . | . . Impact Corruptions . | . . Robots Melted . | . . Combat Hostiles . | . . Parts Melted . | . . Heat Transferred . | . . Parts Sabotaged . | . . Parts Stolen . | . . Parts Stripped . | . . Power Chain Reactions . | . . Missiles Intercepted . | . . Alert | -11 -10 ------- Run | Scr Mat Peak Influence 243 | 35 243 Average Influence 106 | 12 124 Maximum Alert Level 1 | . 1 Low Security (%) 88 | 100 86 Level 1 11 | . 13 Level 2 . | . . Level 3 . | . . Level 4 . | . . Level 5 . | . . High Security . | . . Max Security . | . . Squads Dispatched 3 | . 3 Investigation 1 | . 1 Extermination . | . . Reinforcement 2 | . 2 Assault . | . . Garrison . | . . Intercept . | . . Construction Impeded . | . . Haulers Reinforced . | . . Stealth | -11 -10 --------- Run | Scr Mat Distress Signals 1 | . 1 Communications Jammed . | . . Distress Signals . | . . Times Spotted 16 | . 16 Peak Tracking Total 3 | . 3 Tactical Retreats . | . . Traps | -11 -10 ------- Run | Scr Mat Traps Triggered 2 | . 2 Indirectly . | . . Trap Hack Attempts . | . . Triggered . | . . Disarmed . | . . Reprogrammed . | . . Reused . | . . Traps Extracted . | . . Installed . | . . Triggered . | . . Machines | -11 -10 ---------- Run | Scr Mat Machines Disabled 2 | . 2 Max in Single Turn 1 | . 1 Machines Sabotaged . | . . Garrisons Compromised . | . . Overloaded Fab Kills . | . . Fab Network Shutdowns . | . . Hacking | -11 -10 --------- Run | Scr Mat Machines Accessed 2 | . 2 Terminals 2 | . 2 Fabricators . | . . Repair Stations . | . . Recycling Units . | . . Scanalyzers . | . . Garrison Access . | . . Total Hacks 7 | . 7 Successful 4 | . 4 Failed 3 | . 3 Catastrophic 1 | . 1 Database Lockouts . | . . Manual . | . . Terminals 7 | . 7 Fabricators . | . . Repair Stations . | . . Recycling Units . | . . Scanalyzers . | . . Garrison Access . | . . Terminal Hacks 4 | . 4 Emergency Access Points 1 | . 1 Maintenance Status 1 | . 1 Surveillance Status 1 | . 1 Hauler Manifests 1 | . 1 Fabricator Hacks . | . . Repair Station Hacks . | . . Recycling Unit Hacks . | . . Scanalyzer . | . . Garrison Access Hacks . | . . Unauthorized Hacks . | . . Terminals . | . . Fabricators . | . . Repair Stations . | . . Recycling Units . | . . Scanalyzers . | . . Garrison Access . | . . Data Cores Recovered . | . . Used . | . . Hacking Detections 1 | . 1 Full Trace Events 1 | . 1 Feedback Events . | . . Feedback Blocked . | . . Robot Schematics Acquired . | . . Robots Built . | . . Matter . | . . Time . | . . Total Robot Build Rating . | . . Part Schematics Acquired . | . . Parts Built . | . . Matter . | . . Time . | . . Total Part Build Rating . | . . Parts Repaired . | . . Time . | . . Parts Recycled . | . . Recycled Matter . | . . Retrieved Matter . | . . Retrieved Components . | . . Parts Scanalyzed . | . . Part Schematics Acquired . | . . Parts Damaged . | . . Bothacking | -11 -10 ------------ Run | Scr Mat Used RIF Installer . | . . Robots Hacked . | . . Non-combat . | . . Combat . | . . Robot Hacks Applied . | . . Relay Couplers Released . | . . Robots Rewired . | . . Allies Hacked . | . . Hacks Repelled . | . . Allies | -11 -10 -------- Run | Scr Mat Total Allies . | . . Largest Group . | . . Highest-Rated Group . | . . Highest-Rated Ally . | . . Total Orders . | . . Ally Attacks . | . . Total Damage . | . . Kills . | . . Allies Corrupted . | . . Allies Melted . | . . Intel | -11 -10 ------- Run | Scr Mat Robot Analysis Total . | . . Derelict Logs Recovered . | . . Drone Launches . | . . Drone Recoveries . | . . Exploration | -11 -10 ------------- Run | Scr Mat Turns Passed 817 | 130 687 Spaces Moved 531 | 74 457 Core 6 | 5 1 Treads . | . . Legs . | . . Wheels 359 | 69 290 Hover 166 | . 166 Flight . | . . Fastest Speed 50 | 50 50 Average Speed 85 | 87 84 Slowest Speed 110 | 90 110 Overloaded Moves . | . . Propulsion Burnouts . | . . Robots Hopped . | . . Cave-ins Triggered . | . . Exploration Rate (%) 33 | 5 61 Regions Visited 1 Branch Regions . Pre-discovered Areas . | . . Known Exits Taken . | . . Unknown Exits Taken 1 | 1 . Scrap Searched . | . . Spaces Dug . | . . Terrain Destroyed . | . . Melee . | . . Projectile . | . . AOE . | . . Actions | -11 -10 --------- Run | Scr Mat Total 743 | 107 636 Wait 58 | . 58 Move 530 | 73 457 Hop . | . . Pick Up 23 | 9 14 Fast Attach 2 | . 2 Attach 19 | 8 11 Detach 5 | 1 4 Swap 2 | . 2 Drop 11 | . 11 Fire 93 | 16 77 Melee . | . . Ram . | . . Kick . | . . Crush . | . . Escape Stasis . | . . Rewire . | . . Trap . | . . Miscellaneous . | . . Route ------- -11/Scrapyard -10/Materials (discovered 3 exits: [*Mat] / [*Min x2]) History --------- Turn | Location | Event 13 | -11/Scrapyard | Discovered new exit (range 13) 131 | -11/Scrapyard | Entered Materials 159 | -10/Materials | Discovered new exit (range 4) 248 | -10/Materials | Met 8R-AWN 309 | -10/Materials | Build established: Mutant 576 | -10/Materials | Discovered new exit (range 16) 608 | -10/Materials | Discovered new exit (range 14) 619 | -10/Materials | Core integrity fell below 50% 799 | -10/Materials | Core integrity fell below 20% 818 | -10/Materials | Destroyed by G-47 Trooper with Particle Gun Last Messages --------------- 00695_ Acquired Targeting Computer. 00697_ Dropped Com. Wheel. 00698_ Acquired Targeting Computer. 00707_ R-06 Scavenger collects Ion Engine. 00711_ Acquired 20 matter. 00712_ Acquired 12 matter. 00712_ R-06 Scavenger collects Wheel. 00719_ R-06 Scavenger collects Heat Sink. 00723_ K-01 Serf collects debris. 00744_ Acquired 18 matter. 00754_ Lgt. Ion Engine destroyed. 00761_ U-05 Engineer lays Concrete. 00767_ System corrupted: Assault Rifle targeting data glitched. 00771_ K-01 Serf cleans the Electrolysis Chamber. 00779_ Hover Unit destroyed. 00791_ Destroyed Ion Engine. 00795_ G-34 Mercenary destroyed. 00805_ System corrupted: Assault Rifle targeting data glitched. 00808_ Assault Rifle destroyed. 00809_ Acquired Aluminum Leg. Map ----- +----------------------------------------------------+ | | | ?????????????????????????????????????????????????? | | ?????????????????????????????????????????????????? | | ?????????????????????????????????????????????????? | | ?????????????????????????????????????????????????? | | ?????????????????????????????????????????????????? | | ?????????????????????????????????????????????????? | | ? ???????????????????????????????????????????????? | | ???? ???????????????????????????????????????????? | | ?????????????????????????????????????????????????? | | ?????????????????????????????????????????????????? | | ??????????? ?????????????????????????????????????? | | ??????? ?????????????????????????????????????????? | | ???????????????#?????#######????+###?????????????? | | ????????????????????? #??? ??????????????? | | ???????????????? ?? #### #??????????????? | | ########??????? ? #??????????????? | | ! #???????? #??????????????? | | #????????? #??????????????? | | #? ???????""" """ #??????????????? | | """ #??????" %""" """ #??????????????? | | """ ! # ?? """ "" """ "T" #??????????????? | | """ #? +??????????????? | | #?? uk #??????????????? | | ####+###??? ?#?#?########g###### ##??????????????? | | ??# #??????????????# uu@ #??????????????????? | | ??# #?#????????????# """"" #??????????????????? | | ### #??????????????# """"" #??????????????????? | | # #??########????# """"" #??????????????????? | | "# #?## ! #????# """"" #??????????????????? | | T# #??# #??#?# """"" #??????????????????? | | "# #?## """#????# """"" #??????????????????? | | +% #??#! """#?#??# """"" #??????????????????? | | # = #??? """#????# #??????????????????? | | ###[ #??#? ###########+###??????????????????? | | # ####?###+## ### ##???????????????????? | | # !!### % #???????????????????? | | #! = !## < #???????????????????? | | # !## #???????????????????? | | # !## ##" ## ????????????????? | | # !## ##" |"| "## ?????????????? | | # !!### ##"""""""## ?????????????? | | + ####?# ########### ????????????? | | # %#????# ##????????+ ???????????? | | ### ##???# ###???????# """"" ????????? | | ## ##### ######?? ?# """"""""" ???????? | | # ???+ """ """ ???????? | | T ^ # ???# #??????? | | % ^ #????# #??????? | | ## ### ^ #? ???# #??????? | +----------------------------------------------------+ Best States ------------- Heat Dissipation 35 Energy Generation 10 Energy Capacity 250 Matter Stores 300 Matter Capacity 300 Sight Range 18 Terrain Scan Range 16 Terrain Scan Density 10 Evasion (%) 53 Targeting Accuracy 10 Item Schematics ----------------- None Robot Schematics ------------------ None Fabricated ------------ Nothing Alien Tech Used ----------------- None Achievements -------------- Storm Trooper Challenges ------------ None Game ------ Seed GuidedHeavySource Manual? 0 Play Time 00:23:55 Cumulative 6.3 hours Start 2020.02.17 @ 01:45:38 End 2020.02.17 @ 02:08:18 Sessions 1 Manual Loads 0 Difficulty Rogue Special Mode None Game No. 2 Rogue 1 Adventurer 0 Explorer 1 Win Type - Total 0 Types 0/0/0/0/0/0/0 Lore% 5 Gallery% 9 Achievement% 7 Wizard Run 0 Options --------- ASCII 1 Keyboard 0 Movement Mouse Keybinds 0 Fullscreen 2 Font 18/X11 Map View 76x50 Tactical HUD 1 Map Filters NONE Filters NONE Steam 1 RUN: cef806b6-1d66-4457-9f97-56a6015827c5